 Dungeon Crawl Stone Soup version 0.29-a0-416-g83a48905f1 (webtiles) character file.

Game seed: 18390831258303609423

1767 spiderkeys the Schismatic (level 8, -1/75 HPs)
             Began as a Deep Dwarf Abyssal Knight on May 17, 2022.
             Was an Elder of Lugonu.
             Slain by an orc priest
             ... wielding a +0 falchion
              (2 damage)
             ... on level 5 of the Dungeon.
             The game lasted 00:14:55 (4084 turns).

spiderkeys the Schismatic (DDAK)                    Turns: 4084, Time: 00:14:56

Health: -1/75      AC: 12    Str: 20    XL:     8   Next: 80%
Magic:  12/12      EV: 10    Int: 10    God:    Lugonu [****..]
Gold:   201        SH:  0    Dex: 13    Spells: 7/7 levels left

rFire   . . .      SeeInvis .   A - +0 battleaxe
rCold   . . .      Faith    .   (shield currently unavailable)
rNeg    . . .      Spirit   .   o - +0 scale mail
rPois   .          Reflect  .   (no helmet)
rElec   .          Harm     .   B - +0 cloak
rCorr   .          Rampage  .   s - +0 pair of gloves
Will    +....                   m - +1 pair of boots {Fly}
Stlth   ..........              (no amulet)
HPRegen 0.00/turn               (no ring)
MPRegen 0.13/turn               (no ring)

@: flying
A: damage resistance, heal wounds, sense surroundings 1, no regeneration
a: Heal Wounds, Renounce Religion, Depart the Abyss, Bend Space, Banish, Corrupt


You were on level 5 of the Dungeon.
You worshipped Lugonu.
Lugonu was greatly pleased with you.
You visited 1 branch of the dungeon, and saw 5 of its levels.
You visited the Abyss 1 time.

You collected 201 gold pieces.


Innate Abilities, Weirdness & Mutations

You are resistant to damage.
You can heal yourself by infusing magical energy.
You passively map a small area around you.
You do not regenerate.


   Skills:
 + Level 5.4 Fighting
 + Level 5.9 Axes
 + Level 4.3 Throwing
 + Level 5.9 Armour
 - Level 1.4 Dodging
 + Level 7.0 Invocations


You had 7 spell levels left.
You didn't know any spells.
Your spell library was empty.

Inventory:

Hand Weapons
 a - a +1 hand axe
 A - a +0 battleaxe (weapon)
   (You found it on level 3 of the Dungeon)
Missiles
 d - 148 stones
 j - 3 boomerangs
 N - a throwing net {=f!f}
 O - 3 poisoned darts
Armour
 b - a +0 leather armour
 m - a +1 pair of boots of flying (worn)
   (You acquired it on level 2 of the Dungeon)
 o - a +0 scale mail (worn)
   (You took it off Terence on level 2 of the Dungeon)
 q - a +0 robe
   (You took it off Sigmund on level 2 of the Dungeon)
 r - a +0 robe
   (You took it off a gnoll shaman on level 3 of the Dungeon)
 s - a +0 pair of gloves (worn)
   (You found it on level 2 of the Dungeon)
 t - a +0 robe
   (You found it on level 2 of the Dungeon)
 u - a +0 leather armour
   (You took it off an orc on level 5 of the Dungeon)
 y - a +0 robe
   (You took it off an orc wizard on level 4 of the Dungeon)
 B - a +0 cloak (worn)
   (You found it on level 3 of the Dungeon)
 C - a +0 leather armour
   (You took it off an orc on level 4 of the Dungeon)
 D - a +0 ring mail
   (You found it on level 4 of the Dungeon)
 E - a +0 ring mail
   (You took it off an orc on level 4 of the Dungeon)
 F - a +0 robe
   (You took it off Blork the orc on level 3 of the Dungeon)
 G - a +0 robe
   (You took it off an orc wizard on level 5 of the Dungeon)
 H - a +0 robe
   (You found it on level 4 of the Dungeon)
 J - a +2 leather armour of fire resistance
   (You took it off a gnoll shaman on level 4 of the Dungeon)
Scrolls
 c - a scroll of magic mapping {!r}
 h - 3 scrolls of poison {!r}
 i - 2 scrolls of amnesia
 w - 5 scrolls of teleportation {@r4}
 x - a scroll of blinking {!r}
 z - a scroll of vulnerability {!r!r}
 M - a scroll of immolation {unknown}
Potions
 e - 2 potions of brilliance {unknown}
 f - a potion of magic {unknown}
 g - a potion of resistance {unknown}
 k - 2 potions of ambrosia {unknown}
 l - a potion of lignification {unknown}
 n - a potion of cancellation {unknown}
 p - a potion of invisibility {unknown}
 v - 3 potions of curing {@q1}
 I - a potion of heal wounds {@q2}
 K - a potion of mutation {unknown}
 L - a potion of attraction {unknown}

Dungeon Overview and Level Annotations

Branches:
Dungeon (5/15)             Temple (0/1) D:5

Altars:
Ashenzari
Gozag
Kikubaaqudgha
Vehumet

Annotations:
D:3 3 runed translucent doors, runemasterragnar's ghost, weakling DsMo
Abyss:1 Dowan; Duvessa

* ## * * #.. . ,,
#.# , .. * ##.# ,
... * ... .... *
#.# *,..... *
#.###...... ,
#######).@o.....<
*
*#.......###......
* #.......# *
#.###
#.......#####.###
#.......##......,
#....†..##.#..##.#
*
#.......##........
#......>##..#...#
###..........#,#.,


You could see an orc priest.


Message History

😱 HP[-3]
You take 3 damage, and now have 15/68 hp.
You hit the black bear but do no damage.
The black bear bites you but does no damage.
The black bear barely misses you. The black bear claws you.
You hit the black bear. The black bear barely misses you.
The black bear closely misses you. x2
The black bear bites you but does no damage.
The black bear barely misses you.
The black bear claws you but does no damage. 😱 MP[+1]
You slash the black bear!
You kill the black bear!
Lugonu accepts your kill.
You now have 73 max hp (+5).
You see here a black bear corpse.
An orc comes into view. It is wielding a +0 club. 😱 MP[+4]
Your mp is fully restored (12).
An orc is nearby!
An orc is nearby!
The orc shouts!
You hear a shout! x2
An orc comes into view. It is wielding a +0 dagger.
You barely miss the orc.
The orc shouts!
The orc barely misses you.
An orc comes into view. It is wielding a +0 club.
The orc barely misses you.
You hit the orc.
An orc priest comes into view. It is wielding a +0 falchion.
The orc hits you but does no damage.
You hit the orc.
You kill the orc!
Lugonu accepts your kill.
An orc wizard comes into view. It is wielding a +0 dagger.
The orc wizard shouts!
The orc priest mumbles some strange prayers to Beogh against you.
You resist with significant effort.
The orc wizard moves out of view.
Found a stone staircase leading up.
The orc priest hits you with a +0 falchion.
* * * LOW HITPOINT WARNING * * *
😱 HP[-1]
You take 1 damage, and now have 14/73 hp.
You hit the orc priest but do no damage.
The orc priest hits you but does no damage. x2
You slash the orc priest!
The orc priest hits you with a +0 falchion.
* * * LOW HITPOINT WARNING * * *
😱 HP[-2]
You take 2 damage, and now have 12/73 hp.
You barely miss the orc priest.
The orc priest looks braver for a moment.
You barely miss the orc.
The orc priest begins to cast a cantrip, but forgets the words!
The orc hits you but does no damage.
You slice the orc!!
You kill the orc!
Lugonu accepts your kill.
You closely miss the orc. You barely miss the orc wizard.
The orc wizard gestures wildly while chanting.
The orc wizard flickers and vanishes!
Deactivating autopickup; reactivate with Ctrl-A.
You miss something.
Something hits you but does no damage. x2
You hit something but do no damage. Something hits you.
You miss something.
Something hits you but does no damage. x2
You miss something. Something hits you but does no damage.
You miss something.
You hear some strange, mumbled words.
A magic dart appears from out of thin air!
The magic dart hits you but does no damage.
You closely miss something. Something hits you but does no damage.
The orc priest calls down the wrath of Beogh upon you.
Beogh smites you!
* * * LOW HITPOINT WARNING * * *
Something hits you.
* * * LOW HITPOINT WARNING * * *
😱 HP[-11]
You take 11 damage, and now have 1/73 hp.
You barely miss something. Something hits you.
The orc priest looks braver for a moment.
You hit something. Something hits you but does no damage.
The orc priest begins to cast a cantrip, but forgets the words!
Something hits you but does no damage.
You slash something! Lugonu accepts your kill.
Reactivating autopickup.
You feel a bit more experienced.
Your Invocations skill increases to level 7!
You now have 74 max hp (+1).
You completely miss the orc. The orc hits you but does no damage.
You slash the orc!
You kill the orc!
Lugonu accepts your kill.
The orc priest hits you with a +0 falchion.
Your life force feels restored.
You now have 75 max hp (+1).
You barely miss the orc priest.
The orc priest hits you with a +0 falchion.
You die...

Skill      XL: |  1  2  3  4  5  6  7  8 |
---------------+-------------------------+-----
Fighting       | 3 4 5 |  5.4
Invocations    | 3 4 6 7 |  7.0
Throwing       | 1 2 3 4 |  4.3
Armour         | 3 4 5 |  5.9
Axes           | 3 4 5 |  5.9
Dodging        | |  1.4

Action                   |  1- 3 |  4- 6 |  7- 9 || total
-------------------------+-------+-------+-------++-------
Melee: Hand axe          |    77 |   124 |       ||   201
       Punch             |     1 |       |       ||     1
       Battleaxe         |       |    84 |   160 ||   244
Throw: Boomerang         |     8 |     6 |    15 ||    29
       Dart              |     4 |     1 |     7 ||    12
       Stone             |       |     1 |       ||     1
       Throwing net      |       |       |     2 ||     2
Invok: Banish            |       |       |     3 ||     3
 Abil: Heal Wounds       |       |     3 |     5 ||     8
  Use: Scroll            |     3 |     6 |     1 ||    10
 Stab: Sleeping          |     1 |       |       ||     1
Armor: Leather armour    |    23 |       |       ||    23
       Scale mail        |       |   136 |   159 ||   295
Dodge: Dodged            |    57 |   123 |   112 ||   292

Levels and vault maps discovered:
D:1:      heliophobic_arrival_enchanted_forest, layout_basic
D:2:      layout_basic, hellmonk_ecumenical_altar_lost_god,
          kennysheep_pointless_box, glass_columns_c, uniq_terence, uniq_sigmund
D:3:      layout_loops_ring, vehumet_crystals, serial_undead, serial_undead_e,
          serial_undead_b, serial_undead_f, serial_undead_a, ebering_ghost_gozag
D:4:      layout_cave_pools, lemuel_doored_altar, kennysheep_vampire_church,
          nrook_mini_backslash, uniq_blork_the_orc
D:5:      minmay_angry_zag, layout_loops_cross, minmay_temple_entry_mini_moons,
          uniq_duvessa

Notes
Turn   | Place    | Note
-------+----------+-------------------------------------------
     0 | Abyss:1  | spiderkeys the Deep Dwarf Abyssal Knight began the quest
                  | for the Orb.
     0 | Abyss:1  | Reached XP level 1. HP: 20/20 MP: 2/2
     0 | Abyss:1  | magus.rc [v1.11.3]
     7 | D:1      | You pass through the gate.
     7 | D:1      | Escaped the Abyss
   255 | D:1      | Reached XP level 2. HP: 27/27 MP: 4/4
   982 | D:1      | Reached skill level 3 in Fighting
  1052 | D:1      | Reached XP level 3. HP: 21/34 MP: 5/5
  1195 | D:2      | Reached skill level 3 in Invocations
  1233 | D:2      | Noticed Terence
  1291 | D:2      | Noticed Sigmund
  1492 | D:2      | Killed Terence
  1493 | D:2      | Reached skill level 1 in Throwing
  1493 | D:2      | Reached XP level 4. HP: 14/42 MP: 6/6
  1499 | D:2      | Found a faded altar of an unknown god.
  1545 | D:2      | HP: 10/42 [endoplasm (1)]
  1546 | D:2      | Reached *** piety under Lugonu
  1755 | D:1      | Reached skill level 3 in Armour
  1885 | D:2      | Identified a scroll of acquirement
  1886 | D:2      | Acquired a +1 pair of boots of flying
  1891 | D:2      | Reached skill level 3 in Axes
  2216 | D:2      | HP: 10/42 [something (5)]
  2230 | D:2      | Killed Sigmund
  2231 | D:2      | Reached skill level 4 in Invocations
  2231 | D:2      | Reached XP level 5. HP: 31/49 MP: 6/8
  2281 | D:3      | Reached skill level 2 in Throwing
  2289 | D:3      | Reached XP level 6. HP: 32/56 MP: 9/9
  2559 | D:3      | Found a radiant altar of Vehumet.
  2597 | D:3      | Found a runed translucent gate.
  2603 | D:3      | Found a runed translucent gate.
  2603 | D:3      | Found an opulent altar of Gozag.
  2603 | D:3      | Found a runed translucent gate.
  2606 | D:3      | Noticed runemasterragnar's ghost (weakling DsMo)
  2774 | D:3      | Reached **** piety under Lugonu
  3148 | D:4      | Reached skill level 4 in Armour
  3153 | D:4      | Reached skill level 4 in Fighting
  3183 | D:4      | HP: 9/57 [acid (8)]
  3185 | D:4      | Reached skill level 4 in Axes
  3204 | D:4      | HP: 12/57 [orc/+0 mace (3)]
  3206 | D:4      | Reached XP level 7. HP: 13/64 MP: 10/10
  3213 | D:4      | HP: 9/64 [something (1)]
  3233 | D:4      | Reached skill level 5 in Invocations
  3329 | D:4      | Noticed Blork the orc
  3338 | D:3      | HP: 11/64 [Blork the orc/puff of flame (7)]
  3339 | D:3      | Killed Blork the orc
  3364 | D:3      | Reached skill level 3 in Throwing
  3477 | D:4      | Found a broken altar of Ashenzari.
  3540 | D:4      | HP: 16/66 [gnoll/+0 antimagic spear[a gnoll shaman] (2)]
  3545 | D:4      | HP: 9/66 [gnoll shaman/+0 trident (2)]
  3566 | D:4      | Found an ancient bone altar of Kikubaaqudgha.
  3572 | D:4      | HP: 12/66 [vampire bat (2)]
  3752 | D:5      | Entered Level 5 of the Dungeon
  3797 | D:5      | HP: 9/66 [hound (3)]
  3802 | D:5      | HP: 5/66 [hound (3)]
  3823 | D:5      | Noticed a yak
  3827 | D:5      | Noticed a yak
  3831 | D:5      | Banished a yak
  3831 | D:5      | Noticed a yak
  3832 | D:5      | Reached skill level 5 in Axes
  3832 | D:5      | Reached skill level 5 in Armour
  3832 | D:5      | Reached skill level 6 in Invocations
  3832 | D:5      | Reached XP level 8. HP: 60/73 MP: 6/11
  3845 | D:5      | Noticed Duvessa
  3859 | D:4      | Reached skill level 5 in Fighting
  3904 | D:5      | Reached skill level 4 in Throwing
  3934 | D:5      | Noticed Dowan
  3947 | D:5      | Banished Dowan
  3999 | D:5      | Found a staircase to the Ecumenical Temple.
  4021 | D:5      | Banished Duvessa
  4024 | D:5      | HP: 15/68 [black bear (3)]
  4065 | D:5      | HP: 14/73 [orc priest/+0 falchion (1)]
  4078 | D:5      | HP: 2/73 [orc priest/divine providence (10)]
  4082 | D:5      | Reached skill level 7 in Invocations
  4084 | D:5      | Slain by an orc priest

Vanquished Creatures
  Sigmund (D:2)
  2 yaks
  A black bear (D:5)
  A centaur (D:4)
  A bullfrog (D:4)
  Blork the orc (D:3)
  A vampire bat (D:4)
  2 gnoll shamans
  5 hounds
  A jelly (D:4)
  An orc priest (D:5)
  An iguana (D:4)
  Terence (D:2)
  3 orc wizards
  8 gnolls
  8 adders
  A white imp (D:5)
  An ufetubus (D:5)
  2 adder skeletons (D:3)
  An adder zombie (D:3)
  2 worms (D:3)
  2 dart slugs
  9 orcs
  2 bat skeletons (D:4)
  2 bat zombies (D:4)
  12 endoplasms
  5 giant cockroaches
  9 goblins
  9 hobgoblins
  2 quokkas (D:1)
  6 ball pythons
  8 bats
  5 frilled lizards
  10 kobolds
  4 rats
130 creatures vanquished.

Vanquished Creatures (others)
  3 withered plants (D:3)
3 creatures vanquished.

Grand Total: 133 creatures vanquished

Table legend:
 A = Non-vault XP
 B = Vault XP
 C = Vault XP percentage of total XP
 D = Non-vault monster count
 E = Vault monster count
 F = Vault count percentage of total count
                 A         B        C        D         E       F
            +---------+---------+-------+---------+---------+-------
      Total |    1885 |     640 |  25.3 |     120 |      13 |   9.8
            +---------+---------+-------+---------+---------+-------
        D:1 |      61 |       0 |   0.0 |      29 |       0 |   0.0
        D:2 |      46 |     262 |  85.1 |      20 |       2 |   9.1
        D:3 |     207 |     107 |  34.1 |      29 |       4 |  12.1
        D:4 |     828 |      60 |   6.8 |      26 |       5 |  16.1
        D:5 |     743 |     211 |  22.1 |      16 |       2 |  11.1
            +---------+---------+-------+---------+---------+-------

Illustrated notes

Table legend:
 A = Kills in this place as a percentage of kills in entire the game.
 B = Kills by you in this place as a percentage of kills by you in the entire game.
 C = Kills by friends in this place as a percentage of kills by friends in the entire game.
 D = Other kills in this place as a percentage of other kills in the entire game.
 E = Experience gained in this place as a percentage of experience gained in the entire game.
 F = Experience gained in this place divided by the number of levels of this place that you have seen.
                   A       B       C       D       E      F
               +-------+-------+-------+-------+-------+----------------------
         Total | 100.0 | 100.0 |   N/A | 100.0 | 100.0 | 420.8
       Dungeon | 100.0 | 100.0 |   N/A | 100.0 | 100.0 | 505.0
               +-------+-------+-------+-------+-------+----------------------

Table legend: (Time is in decaauts)
 A = Elapsed time spent in this place.
 B = Non-inter-level travel time spent in this place.
 C = Inter-level travel time spent in this place.
 D = Time resting spent in this place.
 E = Time spent auto-exploring this place.
 F = Levels seen in this place.
 G = Mean time per level.
                   A        B        C        D        E       F      G
               +--------+--------+--------+--------+--------+-----+--------+
         Total |   4241 |   4021 |    220 |    111 |   2495 |   6 |  706.8 |
       Dungeon |   4234 |   4014 |    220 |    111 |   2495 |   5 |  846.8 |
         Abyss |      7 |      7 |      0 |      0 |      0 |   1 |    7.0 |
               +--------+--------+--------+--------+--------+-----+--------+

Top non-repeatable levels by time:
     D:1: 1374 daAuts
     D:2: 923 daAuts
     D:3: 908 daAuts
     D:4: 680 daAuts
     D:5: 347 daAuts
 Abyss:1: 7 daAuts
